 Dungeon Crawl Stone Soup version 0.28-a0-724-g66f9036eb4 (webtiles) character file.

Game seed: 9141922746622219168

2669 kae the Cleaver (level 9, -13/81 HPs)
             Began as a Hill Orc Cinder Acolyte on Oct 26, 2021.
             Was a High Priest of Ignis.
             Mangled by Erica (17 damage)
             ... on level 8 of the Dungeon.
             The game lasted 00:06:25 (11389 turns).

kae the Cleaver (Hill Orc Cinder Acolyte)          Turns: 11389, Time: 00:06:25

Health: -13/81     AC:  8    Str: 17    XL:     9   Next: 63%
Magic:  2/15       EV: 10    Int: 17    God:    Ignis [*****.]
Gold:   477        SH:  0    Dex:  6    Spells: 14/16 levels left

rFire   + . .      SeeInvis +   a - -1 hand axe (flame)
rCold   . . .      Faith    .   (no shield)
rNeg    . . .      Spirit   .   i - +1 ring mail {rPois}
rPois   +          Reflect  .   (no helmet)
rElec   .          Harm     .   (no cloak)
rCorr   .          Rampage  .   j - +0 pair of gloves
Will    .....                   r - +0 pair of boots
Stlth   ..........              (no amulet)
HPRegen 0.23/turn               d - ring of see invisible
MPRegen 0.14/turn               (no ring)

@: slowed, very slow
A: no striking features
a: Renounce Religion, Sea of Fire, Foxfire Swarm, Rising Flame


You were on level 8 of the Dungeon.
You worshipped Ignis.
Ignis was extremely pleased with you.
You visited 1 branch of the dungeon, and saw 8 of its levels.

You collected 477 gold pieces.

Inventory:

Hand Weapons
 a - a -1 hand axe of flaming (weapon)
Armour
 b - a +0 robe
 i - a +1 ring mail of poison resistance (worn)
 j - a +0 pair of gloves (worn)
 r - a +0 pair of boots (worn)
Jewellery
 c - a ring of resist corrosion
 d - a ring of see invisible (left hand)
Wands
 p - a wand of digging (1)
Scrolls
 e - 2 scrolls of holy word
 f - 3 scrolls of fear
 n - a scroll of teleportation
Potions
 g - 4 potions of degeneration
 h - 2 potions of flight
 k - a potion of might
 l - 2 potions of curing
 m - a potion of haste
 q - a potion of heal wounds


   Skills:
 + Level 7.8 Fighting
 * Level 11.3 Axes
 + Level 4.3 Spellcasting
 + Level 7.1 Fire Magic


You had 14 spell levels left.
You knew the following spells:

 Your Spells              Type           Power      Damage    Failure   Level
a - Scorch                Fire           54%        2d8       2%          2

Your spell library contained the following spells:

 Spells                   Type           Power      Damage    Failure   Level
 Corpse Rot               Necr/Air       6%         N/A       38%         2
 Call Canine Familiar     Summ           3%         N/A       63%         3
 Portal Projectile        Hex/Tloc       6%         N/A       63%         3
 Dispel Undead            Necr           3%         3d7       95%         4
 Leda's Liquefaction      Hex/Erth       1%         N/A       95%         4
 Death Channel            Necr           1%         N/A       100%        6


Dungeon Overview and Level Annotations

Branches:
Dungeon (8/15)             Temple (0/1) D:7
   Lair: D:8-11

Altars:
Cheibriados
Dithmenos
Sif Muna

Shops:
D:4 (

Annotations:
D:8 Erica


Message History

A centaur comes into view.
The centaur shouts!
The centaur wields a +0 shortbow.
The centaur shoots an arrow.
The arrow hits you!
A water moccasin comes into view.
The centaur shoots an arrow.
The arrow hits you.
Casting: Scorch (safe; 2% risk of failure)
Confirm with . or Enter, or press ? or * to list all spells.
Flames lash Erica.
Erica is burned terribly!
Erica is heavily wounded.
The water moccasin hisses angrily.
The centaur shoots an arrow.
The arrow barely misses you.
Erica is no longer more vulnerable to fire.
The centaur shoots an arrow.
The arrow hits you but does no damage.
Erica hits you with a +3 scimitar of flaming.
The centaur shoots an arrow.
The arrow barely misses you.
The arrow hits Erica.
Casting: Scorch (safe; 2% risk of failure)
Confirm with . or Enter, or press ? or * to list all spells.
Flames lash Erica.
Erica is severely wounded.
Erica's fire resistance burns away.
The centaur shoots an arrow.
The arrow barely misses you.
The arrow hits Erica.
Erica barely misses you.
The centaur shoots an arrow.
The arrow hits you but does no damage.
Erica hits you with a +3 scimitar of flaming!
* * * LOW HITPOINT WARNING * * *
The centaur shoots an arrow.
The arrow hits you!
* * * LOW HITPOINT WARNING * * *
The centaur shoots an arrow.
The arrow hits you.
* * * LOW HITPOINT WARNING * * *
Erica barely misses you. The water moccasin bites you.
* * * LOW HITPOINT WARNING * * *
Casting: Scorch (safe; 2% risk of failure)
Confirm with . or Enter, or press ? or * to list all spells.
Flames lash the water moccasin.
The water moccasin is severely wounded.
The water moccasin's fire resistance burns away.
You hear a shout!
A centaur comes into view.
Erica hits you with a +3 scimitar of flaming!
You die...

#### #... ##### ##..c
#...# . #.... #...#
... #....###...###
#..>.
#...S@@..<...#......
...c...###...#).(.....
.#...## #...###.##...
#.. ##### # ... .. .


You could see Erica (invisible, combustible), a water moccasin (combustible) and
2 centaurs.

Vanquished Creatures
  2 centaur zombies
  Maggie (D:6)
  Purgy (D:3)
  An orc warrior (D:4)
  A sky beast (D:4)
  An ice beast (D:7)
  2 ogres (D:4)
  3 necrophages
  2 bullfrogs (D:7)
  3 scorpions
  A water moccasin zombie (D:6)
  A water moccasin skeleton (D:5)
  3 jellies
  4 wights (D:7)
  2 howler monkeys (D:7)
  An electric eel (D:6)
  A bullfrog zombie (D:5)
  2 orc priests
  Terence (D:2)
  An iguana (D:4)
  3 orc wizards (D:4)
  A hound zombie (D:5)
  2 hound skeletons
  3 gnolls
  5 adders
  A shadow imp (D:6)
  A white imp (D:7)
  An ufetubus (D:5)
  An adder skeleton (D:3)
  2 worms
  5 dart slugs
  27 orcs
  5 bats
  7 endoplasms
  2 giant cockroaches
  7 goblins
  9 hobgoblins
  6 jackals (D:2)
  5 kobolds
  7 ball pythons
  3 frilled lizards
  7 rats
144 creatures vanquished.

Notes
Turn   | Place    | Note
-------+----------+-------------------------------------------
     0 | D:1      | kae the Hill Orc Cinder Acolyte began the quest for the
                  | Orb.
     0 | D:1      | Reached XP level 1. HP: 19/19 MP: 2/2
    88 | D:1      | Reached XP level 2. HP: 12/27 MP: 3/3
   668 | D:1      | Found a faded altar of an unknown god.
   693 | D:1      | Reached XP level 3. HP: 31/33 MP: 4/4
  1091 | D:1      | Learned a level 2 spell: Scorch
  1790 | D:2      | Reached skill level 5 in Axes
  1895 | D:2      | Reached XP level 4. HP: 40/40 MP: 6/6
  1910 | D:2      | Noticed Terence
  1921 | D:2      | Killed Terence
  3203 | D:3      | Reached XP level 5. HP: 47/47 MP: 2/7
  3532 | D:3      | Noticed Purgy
  4277 | D:4      | Noticed a sky beast
  4288 | D:4      | Killed a sky beast
  4289 | D:4      | Reached skill level 6 in Axes
  4289 | D:4      | Reached XP level 6. HP: 47/55 MP: 1/9
  4372 | D:4      | Found a shimmering blue altar of Sif Muna.
  4383 | D:4      | Reached skill level 5 in Fighting
  4383 | D:4      | Noticed an orc warrior
  4659 | D:3      | Killed Purgy
  4660 | D:3      | Reached skill level 7 in Axes
  4660 | D:3      | Reached XP level 7. HP: 16/61 MP: 2/10
  5596 | D:4      | Reached skill level 5 in Fire Magic
  5750 | D:4      | Found Upsyaryg's Antique Weapon Shoppe.
  6027 | D:4      | Reached skill level 8 in Axes
  6033 | D:5      | Entered Level 5 of the Dungeon
  6038 | D:4      | HP: 1/62 [orc (3)]
  6364 | D:4      | You fall into a shaft and drop 1 floor!
  7107 | D:5      | Reached XP level 8. HP: 61/70 MP: 7/12
  7820 | D:5      | Reached skill level 9 in Axes
  8032 | D:5      | Found a shadowy altar of Dithmenos.
  8494 | D:6      | Noticed Maggie
  9154 | D:6      | Reached skill level 10 in Axes
  9154 | D:6      | Reached XP level 9. HP: 47/79 MP: 1/14
 10571 | D:7      | Found a staircase to the Ecumenical Temple.
 10707 | D:7      | Reached skill level 11 in Axes
 10815 | D:7      | Found a snail-covered altar of Cheibriados.
 11029 | D:6      | Identified a scroll of acquirement
 11029 | D:6      | Acquired a +1 ring mail of poison resistance
 11136 | D:6      | Killed Maggie
 11367 | D:8      | Noticed Erica
 11388 | D:8      | HP: 4/81 [centaur/arrow (4)]
 11389 | D:8      | Mangled by Erica

Illustrated notes

Levels and vault maps discovered:
D:1:      ncdulo_smallfort, layout_loops_cross,
          hellmonk_ecumenical_altar_heavens_door, chequers_hall_statues_y,
          minivault_24
D:2:      layout_basic, uniq_terence
D:3:      layout_loops_ring, chequers_mini_garden, grunt_decor_fettered,
          uniq_purgy
D:4:      layout_gridville, lemuel_doored_altar, serial_shops,
          nicolae_take_the_stairs
D:5:      cheibrodos_quashed, layout_basic, nicolae_dithmenos_shadow_blocks,
          grunt_ministairs_1
D:6:      layout_basic, minivault_4, uniq_maggie
D:7:      layout_cave_pods, cheibriados_altar_1, minmay_temple_entry_junction_2,
          serial_glass, glass_columns_b, glass_columns_c, glass_columns_a,
          glass_columns_a, uniq_menkaure
D:8:      layout_rooms, ebering_ghost_gozag, minmay_gold_behind_fungi,
          uniq_joseph, uniq_erica

Skill      XL: |  1  2  3  4  5  6  7  8  9 |
---------------+----------------------------+-----
Fighting       | 4 5 7 |  7.8
Axes           | 5 6 7 8 10 11 | 11.3
Fire Magic     | 4 5 6 7 |  7.1
Spellcasting   | 2 3 4 |  4.3

Action                   |  1- 3 |  4- 6 |  7- 9 || total
-------------------------+-------+-------+-------++-------
Melee: Hand axe          |   101 |    36 |    53 ||   190
 Cast: Scorch            |     8 |    47 |   162 ||   217
  Use: Scroll            |       |     6 |     5 ||    11
       Potion            |       |     3 |     2 ||     5
 Stab: Sleeping          |       |     1 |       ||     1
Armor: Robe              |    17 |    14 |    41 ||    72
       Ring mail         |       |       |     2 ||     2
Dodge: Dodged            |    66 |    49 |   146 ||   261

Table legend: (Time is in decaauts)
 A = Elapsed time spent in this place.
 B = Non-inter-level travel time spent in this place.
 C = Inter-level travel time spent in this place.
 D = Time resting spent in this place.
 E = Time spent auto-exploring this place.
 F = Levels seen in this place.
 G = Mean time per level.
                   A        B        C        D        E       F      G
               +--------+--------+--------+--------+--------+-----+--------+
         Total |  11396 |  11009 |    387 |   1661 |   7965 |   8 | 1424.5 |
       Dungeon |  11396 |  11009 |    387 |   1661 |   7965 |   8 | 1424.5 |
               +--------+--------+--------+--------+--------+-----+--------+

Top non-repeatable levels by time:
     D:4: 2305 daAuts
     D:2: 1973 daAuts
     D:7: 1568 daAuts
     D:5: 1487 daAuts
     D:1: 1443 daAuts
     D:3: 1320 daAuts
     D:6: 1268 daAuts
     D:8: 30 daAuts
